 Dungeon Crawl Stone Soup version 0.28.0 (webtiles) character file.

Game seed: 17473208022505993442

868 Descartes the Vexing (level 7, -3/38 HPs)
             Began as a Deep Elf Wanderer on Feb 12, 2022.
             Killed by divine providence
             ... invoked by an orc priest
              (14 damage)
             ... on level 5 of the Dungeon.
             The game lasted 00:12:54 (6109 turns).

Descartes the Vexing (Deep Elf Wanderer)            Turns: 6109, Time: 00:12:56

Health: -3/38      AC:  4    Str:  8    XL:     7   Next: 73%
Magic:  16/16      EV: 10    Int: 16    God:
Gold:   195        SH:  0    Dex: 18    Spells: 7/15 levels left

rFire   . . .      SeeInvis .   a - +0 shortbow
rCold   . . .      Faith    .   (shield currently unavailable)
rNeg    . . .      Spirit   .   f - +0 leather armour
rPois   .          Reflect  .   (no helmet)
rElec   .          Harm     .   (no cloak)
rCorr   .          Rampage  .   (no gloves)
Will    .....                   c - +0 pair of boots
Stlth   ++........              (no amulet)
HPRegen 0.12/turn               (no ring)
MPRegen 0.15/turn               (no ring)

@: no status effects
A: no striking features
a: no special abilities


You were on level 5 of the Dungeon.
You visited 1 branch of the dungeon, and saw 5 of its levels.

You collected 195 gold pieces.

Inventory:

Hand Weapons
 a - a +0 shortbow (weapon)
Missiles
 b - 4 arrows (quivered ammo)
 e - 10 stones
 l - 3 curare-tipped darts
 m - 10 poisoned darts
 q - 3 silver boomerangs
 t - 39 sling bullets
 w - 2 javelins
Armour
 c - a +0 pair of boots (worn)
 d - a +0 robe
 f - a +0 leather armour (worn)
 y - a +0 helmet
Scrolls
 j - 2 scrolls of enchant armour {unknown}
 k - a scroll of noise {unknown}
 n - a scroll of blinking {unknown}
 o - a scroll of torment {unknown}
 p - a scroll of teleportation {unknown}
 s - a scroll of fog {unknown}
 u - a scroll of silence {unknown}
 v - 2 scrolls of fear {unknown}
Potions
 g - 2 potions of heal wounds
 h - 2 potions of ambrosia {unknown}
 i - a potion of flight {unknown}
 r - a potion of mutation {unknown}
 x - a potion of degeneration {unknown}


   Skills:
 - Level 1.5 Fighting
 - Level 5.0 Bows
 - Level 1.2 Stealth
 + Level 4.9 Spellcasting
 * Level 4.6 Conjurations
 + Level 6.2 Hexes
 * Level 4.6 Earth Magic
 - Level 1.0 Invocations


You had 7 spell levels left.
You knew the following spells:

 Your Spells              Type           Power      Damage    Failure   Level
a - Stone Arrow           Conj/Erth      36%        3d9       10%         3
b - Sandblast             Erth           36%        2d10      3%          1
c - Slow                  Hex            92%        N/A       1%          1
d - Confusing Touch       Hex            23%        N/A       5%          3

Your spell library contained the following spells:

 Spells                   Type           Power      Damage    Failure   Level
 Tukima's Dance           Hex            23%        N/A       5%          3
 Ensorcelled Hibernation  Hex/Ice        26%        N/A       10%         2
 Passwall                 Tmut/Erth      9%         N/A       13%         2
 Anguish                  Hex/Necr       6%         N/A       52%         4
 Spider Form              Tmut/Pois      3%         N/A       56%         3


Dungeon Overview and Level Annotations

Branches:
Dungeon (5/15)
 Temple: D:4-7

Altars:

Annotations:
D:4 Dowan, Duvessa


Message History

Confirm with . or Enter, or press ? or * to list all spells.
Aiming: Sandblast (safe; 3% risk of failure)
Press: ? - help, Shift-Dir - straight line, f/p - water moccasin
Aim: a water moccasin (almost dead, slow, 66% to hit)
You miscast Sandblast.
Nothing appears to happen.
The water moccasin bites you.
Unknown command.
Casting: Sandblast (safe; 3% risk of failure)
Confirm with . or Enter, or press ? or * to list all spells.
Aiming: Sandblast (safe; 3% risk of failure)
Press: ? - help, Shift-Dir - straight line, f/p - water moccasin
Aim: a water moccasin (almost dead, slow, 66% to hit)
The blast of sand hits the water moccasin.
You kill the water moccasin!
e - 10 stones Your magical contamination has completely faded away.
You now have 195 gold pieces (gained 5).
b - 4 arrows (gained 1)
Found a helmet.
Unknown command.
Found 17 gold pieces.
A sky beast, an orc and an orc priest come into view.
An orc comes into view. It is wielding a +0 dagger.
The orc priest shouts!
You see here a +0 helmet.
y - a +0 helmet The orc shouts! x2
The orc priest calls down the wrath of Beogh upon you.
Pain shoots through your body! The sky beast hits you.
The sky beast shocks you.
The orc priest invokes the aid of Beogh against you.
Beogh smites you!
* * * LOW HITPOINT WARNING * * *
The sky beast flickers out of sight!
Deactivating autopickup; reactivate with Ctrl-A.
A sky beast appears from thin air!
Reactivating autopickup.
The orc priest looks encouraged for a moment.
The orc priest invokes the aid of Beogh against you.
Beogh smites you!
You die...

#.# #...####.# #.#
#......... #.#
#...##.... #.#
##..##.#.# #.#
#..##.#.. #.# #..##.###
#####.######........
####................###
#....Y@.............###
#o##.##..†....<........
#.##.##...##.#####.####
#o##.##.#.##.# #.#
#.##.##.#)##.# #.#
#o##.##.#.##.# #.#
#o##.##.#.##.#####.#
#.##.# .#.##.....>.#
#...$# #. ##.####.#


You could see a sky beast and an orc priest.

Vanquished Creatures
  Menkaure (D:4)
  2 water moccasins
  A sky beast (D:5)
  An ogre (D:3)
  2 scorpions (D:4)
  A howler monkey (D:4)
  2 iguanas
  7 gnolls
  5 adders
  An adder skeleton (D:4)
  A dart slug (D:1)
  2 bats
  5 endoplasms
  A giant cockroach (D:1)
  7 goblins
  5 hobgoblins
  2 jackals (D:4)
  8 kobolds
  6 quokkas
  5 ball pythons
  3 frilled lizards
  5 rats
73 creatures vanquished.

Vanquished Creatures (others)
  21 demonic plants (D:2)
21 creatures vanquished.

Grand Total: 94 creatures vanquished

Notes
Turn   | Place    | Note
-------+----------+-------------------------------------------
     0 | D:1      | Descartes the Deep Elf Wanderer began the quest for the
                  | Orb.
     0 | D:1      | Descartes set off with the following items: a +0 shortbow,
                  | 23 arrows, a +0 pair of boots, a +0 robe; and the following
                  | spell memorised: Slow; and the following spells available
                  | to memorise: Confusing Touch, Tukima's Dance
     0 | D:1      | Reached XP level 1. HP: 12/12 MP: 5/5
   190 | D:1      | Reached XP level 2. HP: 16/16 MP: 7/7
   243 | D:1      | Learned a level 1 spell: Sandblast
   859 | D:2      | Found a faded altar of an unknown god.
  1018 | D:2      | Reached XP level 3. HP: 20/20 MP: 8/8
  1131 | D:2      | Reached skill level 1 in Earth Magic
  1587 | D:2      | Reached skill level 1 in Conjurations
  1633 | D:2      | Reached XP level 4. HP: 12/25 MP: 10/10
  2460 | D:3      | Learned a level 3 spell: Stone Arrow
  3476 | D:4      | Noticed an ogre
  3532 | D:4      | Noticed a water moccasin
  3613 | D:3      | Killed a water moccasin
  3614 | D:3      | Reached skill level 5 in Hexes
  3614 | D:3      | Reached XP level 5. HP: 4/29 MP: 4/12
  3961 | D:3      | Killed an ogre
  3962 | D:3      | Reached XP level 6. HP: 34/34 MP: 13/13
  4643 | D:4      | Noticed Menkaure
  4655 | D:4      | Killed Menkaure
  4656 | D:4      | Reached XP level 7. HP: 38/38 MP: 13/15
  4809 | D:4      | Reached skill level 5 in Bows
  4902 | D:4      | Noticed Duvessa
  4902 | D:4      | Noticed Dowan
  5675 | D:5      | Entered Level 5 of the Dungeon
  5915 | D:5      | Reached skill level 6 in Hexes
  5919 | D:5      | Learned a level 3 spell: Confusing Touch
  6109 | D:5      | Killed from afar by an orc priest

Illustrated notes

Levels and vault maps discovered:
D:1:      lemuel_arrival_hallway, layout_basic
D:2:      layout_loops_corners, shapermc_ecumenical_altar_flowoftime,
          grunt_ministairs_2
D:3:      layout_loops_cross, minivault_4
D:4:      layout_basic, uniq_duvessa, uniq_menkaure
D:5:      layout_loops_ring

Skill      XL: |  1  2  3  4  5  6  7 |
---------------+----------------------+-----
Bows           | 3 4 5 |  5.0
Spellcasting   | 2 3 4 |  4.9
Earth Magic    | 1 2 3 4 |  4.6
Conjurations   | 1 2 3 4 |  4.6
Hexes          | 5 6 |  6.2
Fighting       | |  1.5
Stealth        | |  1.2
Invocations    | |  1.0

Action                   |  1- 3 |  4- 6 |  7- 9 || total
-------------------------+-------+-------+-------++-------
 Fire: Shortbow          |   102 |    78 |    41 ||   221
 Cast: Slow              |     7 |    28 |    16 ||    51
       Sandblast         |       |    51 |    28 ||    79
  Use: Potion            |       |     2 |       ||     2
Armor: Robe              |     1 |       |       ||     1
       Leather armour    |     7 |     9 |    11 ||    27
Dodge: Dodged            |    10 |    26 |    10 ||    46
